 Dungeon Crawl Stone Soup version 0.31.0-11-ge490571c62 (webtiles) character file.

Game seed: 15778784190853497813

478 qw the Skirmisher (level 6, -5/35 HPs)
             Began as a Deep Elf Hunter on Feb 4, 2024.
             Slain by a steam dragon (9 damage)
             ... on level 4 of the Dungeon.
             The game lasted 00:00:11 (3018 turns).

qw the Skirmisher (Deep Elf Hunter)                 Turns: 3018, Time: 00:00:11

Health: -5/35      AC: 11    Str: 10    XL:     6   Next: 86%
Magic:  8/8        EV: 13    Int: 14    God:
Gold:   238        SH:  0    Dex: 18    Spells: 5/5 levels left

rFire   . . .        a - +1 shortbow (chaos)
rCold   . . .        (shield currently unavailable)
rNeg    . . .        c - +0 leather armour
rPois   .            i - +0 helmet
rElec   .            (no cloak)
rCorr   .            (no gloves)
SInv    .            h - +2 pair of boots
Will    .....        (no amulet)
Stlth   +            m - +4 ring of protection
HPRegen 0.25/turn    (no ring)
MPRegen 0.11/turn

%: no passive effects
@: very slow
A: no striking features
a: no special abilities


You were on level 4 of the Dungeon.
You visited 1 branch of the dungeon, and saw 4 of its levels.

You collected 238 gold pieces.


   Skills:
 - Level 2.1 Fighting
 + Level 10.0 Ranged Weapons
 - Level 4.0 Dodging
 - Level 1.2 Stealth


You had 5 spell levels left.
You didn't know any spells.
Your spell library was empty.

Inventory:

Hand Weapons
 a - a +1 shortbow of chaos (weapon)
Armour
 c - a +0 leather armour (worn)
 h - a +2 pair of boots (worn)
 i - a +0 helmet (worn)
 l - the +2 robe of the Big Bang {Int-4 Dex+2 SInv Stlth+}
   (You found it on level 4 of the Dungeon)

   Int-4:     It affects your intelligence (-4).
   Dex+2:     It affects your dexterity (+2).
   SInv:      It lets you see invisible.
   Stlth+:    It makes you more stealthy.
Jewellery
 j - a ring of fire
 m - a +4 ring of protection (left hand)
Wands
 b - a wand of paralysis (9) (quivered)
Scrolls
 e - 2 scrolls of noise {unknown}
 g - 2 scrolls of teleportation
Potions
 d - a potion of lignification {unknown}
 f - a potion of curing {unknown}
 k - a potion of mutation {unknown}

Dungeon Overview and Level Annotations

Branches:
Dungeon (4/15)
 Temple: D:4-7

Altars:
Ashenzari
Dithmenos
Hepliaklqana
Nemelex Xobeh
Qazlal
Trog
Uskayaw

Annotations:
D:3 3 runed translucent doors, qw's ghost, amateur DEHu


Message History

You shoot an arrow.
The arrow completely misses the river rat.
You shoot an arrow.
The arrow hits the river rat but does no damage.
You drain the river rat.
The river rat is moderately wounded.
The river rat closely misses you.
You shoot an arrow. The arrow hits the river rat.
The river rat flies into a frenzy!
The river rat is severely wounded.
The river rat bites you but does no damage.
You shoot an arrow. The arrow hits the river rat!
You kill the river rat!
Your Dodging skill increases to level 4!
You see here a rat corpse.
A ribbon worm comes into view.
You shoot an arrow. The arrow hits the ribbon worm.
The ribbon worm is lightly wounded.
The ribbon worm expels a string of sticky webbing.
The stream of webbing hits you but does no damage.
You are caught in a web!
You shoot an arrow. The arrow hits the ribbon worm.
The ribbon worm evaporates and reforms as a steam dragon!
The steam dragon is heavily wounded.
You hear an angry hiss.
An adder comes into view.
The steam dragon breathes steam at you. The ball of steam hits you!
3017 ||| ZAPPING wand of paralysis (11) at 0,2 (steam dragon; shallow_water).
Aiming: Paralyse
Press: ? - help, Q - select action, (/) - cycle Shift-Dir - straight line, f/p - steam dragon The steam dragon resists with some effort.
You are engulfed in a cloud of scalding steam.
3018 ||| ZAPPING wand of paralysis (10) at 0,1 (steam dragon; shallow_water).
Aiming: Paralyse
Press: ? - help, Q - select action, (/) - cycle Shift-Dir - straight line, f/p - steam dragon The steam dragon resists with some effort.
You are engulfed in a cloud of scalding steam.
The steam dragon bites you!
You die...

##########
###........###
....######...#
#####
#.....##### #
#.#...#~~¤#
#.#..~#~#¤#
#.#..~#~#@#
######
#.#.~~~~#DS~~~#
.....#
#....~#~#~#####
.....#
###..~~~#~~
.....#
##...#~###
.....# #...~~~#
###..# #....~~#
# #..# #.....##
###.### #.###.#


You could see a steam dragon (catching breath) and an adder.

Vanquished Creatures
  A sky beast (D:3)
  2 scorpions (D:4)
  2 killer bees (D:4)
  A bombardier beetle (D:4)
  A hound (D:4)
  4 adders
  2 river rats (D:4)
  2 dart slugs (D:4)
  2 ribbon worms (D:4)
  An orc (D:4)
  8 bats (D:1)
  3 endoplasms (D:1)
  A giant cockroach (D:4)
  6 goblins
  5 hobgoblins
  A kobold (D:4)
  3 quokkas
  9 ball pythons
  2 frilled lizards
  7 rats
63 creatures vanquished.

Notes
Turn   | Place    | Note
-------+----------+-------------------------------------------
     0 | D:1      | qw the Deep Elf Hunter began the quest for the Orb.
     0 | D:1      | Reached XP level 1. HP: 12/12 MP: 3/3
     0 | D:1      | 0 ||| qw: Version: 0.3-a-160-g6735b56
     0 | D:1      | 0 ||| qw: Game counter: 5851
     0 | D:1      | 0 ||| qw: Melee chars always use a shield: true
     0 | D:1      | 0 ||| qw: God list: Okawaru
     0 | D:1      | 0 ||| qw: Allow faded altars: false
     0 | D:1      | 0 ||| qw: Do Orc after clearing Dungeon:15 true
     0 | D:1      | 0 ||| qw: Do second Lair branch before Depths: true
     0 | D:1      | 0 ||| qw: Lair rune preference: random
     0 | D:1      | 0 ||| qw: Goals: Normal
     0 | D:1      | 0 ||| PLANNING D:1-11
   141 | D:1      | Reached XP level 2. HP: 15/16 MP: 4/4
   142 | D:1      | Reached skill level 6 in Ranged Weapons
   679 | D:1      | 679 ||| READING scroll labelled DUCOUS VYAJUT.
   682 | D:1      | 682 ||| READING scroll labelled WUINIS HUNOPS.
   683 | D:1      | 683 ||| DROPPING scroll of butterflies.
   717 | D:2      | Reached XP level 3. HP: 11/20 MP: 5/5
   722 | D:2      | HP: 5/20 [poisoned by an adder]
   819 | D:2      | Found a bloodstained altar of Trog.
  1521 | D:2      | 1521 ||| UPGRADING to +0 pair of boots.
  1526 | D:2      | 1526 ||| READING scroll labelled AJUSOR ALYN.
  1526 | D:2      | 1526 ||| ENCHANTING +0 shortbow.
  1527 | D:2      | 1527 ||| READING scroll labelled TOGEOCSONA.
  1527 | D:2      | 1527 ||| BRANDING +1 shortbow.
  1528 | D:2      | 1528 ||| READING scroll labelled YBESIE OXKI.
  1529 | D:2      | 1529 ||| READING scroll labelled YTEF ESTRIS.
  1529 | D:2      | 1529 ||| ENCHANTING +0 pair of boots.
  1588 | D:3      | Found a stormy altar of Qazlal.
  1588 | D:3      | Noticed a sky beast
  1592 | D:3      | Killed a sky beast
  1593 | D:3      | Reached skill level 8 in Ranged Weapons
  1593 | D:3      | Reached XP level 4. HP: 25/25 MP: 6/6
  1930 | D:3      | 1930 ||| READING scroll of enchant armour.
  1930 | D:3      | 1930 ||| ENCHANTING +1 pair of boots.
  1932 | D:3      | Found a runed translucent gate.
  1932 | D:3      | Found a runed translucent gate.
  1933 | D:3      | Found a runed translucent gate.
  1935 | D:3      | Noticed qw's ghost (amateur DEHu)
  1940 | D:3      | Identified the +6 whip "Beastbane" {freeze, rElec rCorr
                  | Int+3 SInv Stlth-}
  1940 | D:3      | Identified the +0 scale mail "Fasuipn" {+Blink Int+5}
  2081 | D:3      | 2081 ||| DROPPING scarf of shadows.
  2082 | D:3      | 2082 ||| UPGRADING to +0 helmet.
  2087 | D:3      | 2087 ||| DROPPING scarf of shadows.
  2088 | D:3      | 2088 ||| UPGRADING to +4 ring of protection.
  2089 | D:3      | 2089 ||| READING scroll labelled POSIACZ TYBREU.
  2220 | D:4      | 2220 ||| PLANNING SEWER
  2238 | D:4      | Noticed a scorpion
  2242 | D:4      | Killed a scorpion
  2243 | D:4      | Reached skill level 9 in Ranged Weapons
  2243 | D:4      | Reached XP level 5. HP: 29/29 MP: 7/7
  2254 | D:4      | Found a hide-covered altar of Uskayaw.
  2281 | D:4      | Reached skill level 3 in Dodging
  2365 | D:4      | Reached XP level 6. HP: 35/35 MP: 8/8
  2481 | D:4      | Found a shadowy altar of Dithmenos.
  2481 | D:4      | Found a hazy altar of Hepliaklqana.
  2491 | D:4      | Reached skill level 10 in Ranged Weapons
  2492 | D:4      | Noticed a shadow
  2548 | D:4      | Found a broken altar of Ashenzari.
  2600 | D:4      | Identified the +2 robe of the Big Bang {Int-4 Dex+2 SInv
                  | Stlth+}
  2602 | D:4      | Found a sparkling altar of Nemelex Xobeh.
  2876 | D:4      | 2876 ||| RIP SEWER
  3003 | D:4      | 3003 ||| PLANNING D:1-11
  3016 | D:4      | a ribbon worm changed into a steam dragon
  3016 | D:4      | Noticed a steam dragon
  3017 | D:4      | 3017 ||| ZAPPING wand of paralysis (11) at 0,2 (steam
                  | dragon; shallow_water).
  3018 | D:4      | 3018 ||| ZAPPING wand of paralysis (10) at 0,1 (steam
                  | dragon; shallow_water).
  3018 | D:4      | HP: 3/35 [steam dragon] (15)]
  3018 | D:4      | Slain by a steam dragon

Levels and vault maps discovered:
D:1:      dpeg_arrival_tiny_c, layout_loops_cross,
          hangedman_abyss_or_decor_lesser_grid
D:2:      layout_basic, basic_altar, hangedman_decor_peaks_small
D:3:      layout_loops_ring, nicolae_qazlal_beasts_of_the_sky,
          biasface_ghost_orc_armoury
D:4:      layout_loops_cross, riverfiend_overflow_shadow_ancestor,
          mainiacjoe_overflow_brackets, mainiacjoe_overflow_big_doors,
          lightli_sewer_entry_pipes

Skill      XL: |  1  2  3  4  5  6 |
---------------+-------------------+-----
Ranged Weapons | 6 8 9 10 | 10.0
Dodging        | 3 4 |  4.0
Fighting       | 2 |  2.1
Stealth        | |  1.2

Action                     |  1- 3 |  4- 6 || total
---------------------------+-------+-------++-------
   Fire: Shortbow          |    79 |   107 ||   186
  Evoke: Wand              |       |     2 ||     2
    Use: Scroll            |     6 |     2 ||     8
 Armour: Leather armour    |    13 |    27 ||    40
  Dodge: Dodged            |    11 |    22 ||    33

Table legend:
 A = Non-vault XP
 B = Vault XP
 C = Vault XP percentage of total XP
 D = Non-vault monster count
 E = Vault monster count
 F = Vault count percentage of total count
                 A         B        C        D         E       F
            +---------+---------+-------+---------+---------+-------
      Total |     525 |     159 |  23.2 |      55 |       8 |  12.7
            +---------+---------+-------+---------+---------+-------
        D:1 |      39 |       0 |   0.0 |      24 |       0 |   0.0
        D:2 |      19 |       0 |   0.0 |       5 |       0 |   0.0
        D:3 |       5 |     122 |  96.1 |       4 |       1 |  20.0
        D:4 |     462 |      37 |   7.4 |      22 |       7 |  24.1
            +---------+---------+-------+---------+---------+-------
